 Dungeon Crawl Stone Soup version 0.29-a0-997-gf6f7e2dfe7 (webtiles) character file.

Game seed: 16323542065155612773

800 Nato the Frost Mage (level 7, -3/41 HPs)
             Began as an Octopode Ice Elementalist on Aug 4, 2022.
             Killed by nerve-wracking pain
             ... invoked by an orc priest
              (11 damage)
             ... on level 4 of the Dungeon.
             The game lasted 00:09:19 (5859 turns).

Nato the Frost Mage (Octopode Ice Elementalist)     Turns: 5859, Time: 00:09:19

Health: -3/41      AC:  1    Str:  5 (7)  XL:     7   Next: 90%
Magic:  5/13       EV: 13    Int: 18 (20) God:
Gold:   183        SH:  0    Dex: 11 (12) Spells: 7/14 levels left

rFire   . . .      SeeInvis .   b - +0 sling
rCold   . . .      Faith    .   n - orb {light}
rNeg    . . .      Spirit   .   f - +0 hat
rPois   .          Reflect  .   (no amulet)
rElec   .          Harm     .   (no ring)
rCorr   .          Rampage  .   (no ring)
Will    .....                   (no ring)
Stlth   ++........              (no ring)
HPRegen 0.13/turn               (no ring)
MPRegen 0.13/turn               (no ring)
                                (no ring)
                                (no ring)

@: freezing walls, glowing
A: almost no armour, amphibious, 8 rings, camouflage 1, gelatinous body 1,
(nimble swimmer 1), tentacles
a: no special abilities


You were on level 4 of the Dungeon.
You visited 1 branch of the dungeon, and saw 4 of its levels.
You also visited: Sewer.

You collected 183 gold pieces.

Inventory:

Hand Weapons
 b - a +0 sling (weapon)
Armour
 f - a +0 hat (worn)
 n - an orb of light (worn)
Scrolls
 g - 2 scrolls of fear
 h - 2 scrolls of summoning {unknown}
 j - a scroll of teleportation {unknown}
 l - 2 scrolls of blinking {unknown}
 o - a scroll of identify {unknown}
 s - a scroll of poison {unknown}
Potions
 a - a potion of magic
 c - 2 potions of curing {unknown}
 d - a potion of berserk rage {unknown}
 e - a potion of attraction {unknown}
 i - 3 potions of degeneration
 k - 2 potions of heal wounds {unknown}
 m - a potion of ambrosia {unknown}
 p - a potion of mutation {unknown}
 q - a potion of resistance {unknown}
 r - a potion of haste {unknown}


   Skills:
 - Level 2.0 Dodging
 - Level 3.0 Stealth
 - Level 4.0 Spellcasting
 + Level 8.6 Ice Magic


You had 7 spell levels left.
You knew the following spells:

 Your Spells              Type           Power      Damage    Failure   Level
a - Freeze                Ice            100%       1d11      1%          1
b - Frozen Ramparts       Ice            68%        1d14      1%          3
c - Ozocubu's Armour      Ice            34%        N/A       1%          3

Your spell library contained the following spells:

 Spells                   Type           Power      Damage    Failure   Level
 Magic Dart               Conj           12%        1d3       14%         1
 Searing Ray              Conj           6%         2d4       22%         2
 Hailstorm                Conj/Ice       19%        3d6       26%         4
 Fulminant Prism          Conj/Hex       1%         3d6       82%         4


Dungeon Overview and Level Annotations

Branches:
Dungeon (4/15)              Sewer (visited)
 Temple: D:4-7

Altars:
Kikubaaqudgha

Shops:
D:3 !


Innate Abilities, Weirdness & Mutations

You cannot wear most types of armour.
You are amphibious.
You can wear up to eight rings at the same time.
Your skin changes colour to match your surroundings (Stealth+).
Your rubbery body absorbs attacks. (AC +1, EV +1)
((You are camouflaged when in or above water. (Stealth+)))
You have tentacles for arms and can constrict up to eight enemies at once.


Message History

You kill the orc!
The wall freezes the orc!
You kill the orc!
The orc priest invokes the aid of Beogh against you.
Beogh smites you!
* * * LOW HITPOINT WARNING * * *
You are too injured to fight recklessly!
Unknown command.
You are too injured to fight recklessly!
It was a potion of degeneration.
There was something very wrong with that liquid.
You feel weakened.
You feel dopey.
You feel clumsy.
The wall freezes the dart slug!!
You kill the dart slug!
The wall freezes the orc.
The orc priest calls upon Beogh to heal the orc.
The orc is healed somewhat.
You are too injured to fight recklessly!
Your icy armour and frozen ramparts will break if you move.
Continue?
Your icy armour cracks and falls away as you move.
The frozen ramparts melt away as you move.
Casting: Ozocubu's Armour (safe; 1% risk of failure)
Confirm with . or Enter, or press ? or * to list all spells.
Casting: Frozen Ramparts (safe; 1% risk of failure)
Press: ? - help, Dir - look around, f - activate This square is lit by a halo.
Okay, then.
Casting: Frozen Ramparts (safe; 1% risk of failure)
Confirm with . or Enter, or press ? or * to list all spells.
Casting: Frozen Ramparts (safe; 1% risk of failure)
Press: ? - help, Dir - look around, f - activate This square is lit by a halo.
The walls around you are covered in ice.
The wall freezes the orc!
You kill the orc!
You are too injured to fight recklessly!
The wall freezes the orc priest.
The orc priest calls down the wrath of Beogh upon you.
Pain shoots through your body!
You die...

#.... #.# #...# #..###.# #..#.
#.# #...# #.>÷...# #..#.####.#
#...# #.###### #.........# #...#
#.# #... ..........# #...# #.#
#.## #.#.....).##### #...#
#.###.# ........o†)...# #...#
#...#.#
.#.....)####o######...#####.#.#
.....##### #.).@............#.#
.....###############...#######.#
....o#.................÷.....#.#
...w.#.#########....########.#.#
o....#.# #.##.# #.#.# .oo..#.#
#.##.########.#.# .....#.#
#.##............# #.#
#.###########.### #.#
#.#..#.....##.#


You could see an orc priest.

Vanquished Creatures
  Sigmund (D:3)
  A wyvern (D:4)
  An ogre (D:4)
  2 kobold brigands (Sewer)
  A hound (D:4)
  3 gnolls (D:4)
  6 adders
  3 river rats (Sewer)
  4 dart slugs
  6 orcs (D:4)
  10 ball pythons
  6 bats
  7 endoplasms
  7 giant cockroaches
  8 goblins
  7 hobgoblins
  9 jackals
  14 kobolds
  4 quokkas
  9 frilled lizards
  9 rats
118 creatures vanquished.

Vanquished Creatures (others)
  17 plants (Sewer)
17 creatures vanquished.

Grand Total: 135 creatures vanquished

Notes
Turn   | Place    | Note
-------+----------+-------------------------------------------
     0 | D:1      | Nato the Octopode Ice Elementalist began the quest for the
                  | Orb.
     0 | D:1      | Reached XP level 1. HP: 11/11 MP: 3/3
   440 | D:1      | Reached XP level 2. HP: 15/17 MP: 5/5
   803 | D:1      | Reached XP level 3. HP: 21/21 MP: 7/7
  1589 | D:2      | Reached XP level 4. HP: 27/27 MP: 9/9
  1749 | D:2      | Found a faded altar of an unknown god.
  2257 | D:2      | Learned a level 3 spell: Frozen Ramparts
  2261 | D:2      | Learned a level 3 spell: Ozocubu's Armour
  2347 | D:3      | Found Dusuena's Distillery.
  2409 | D:3      | Noticed Sigmund
  2417 | D:3      | Killed Sigmund
  2418 | D:3      | Reached skill level 5 in Ice Magic
  2418 | D:3      | Reached XP level 5. HP: 31/31 MP: 1/11
  2418 | D:3      | Reached XP level 6. HP: 36/36 MP: 1/12
  2877 | D:3      | Found an ancient bone altar of Kikubaaqudgha.
  3352 | D:4      | Reached skill level 6 in Ice Magic
  3414 | D:4      | Found a glowing drain.
  3515 | Sewer    | Entered a sewer
  3796 | Sewer    | Reached skill level 7 in Ice Magic
  3796 | Sewer    | Reached XP level 7. HP: 41/41 MP: 5/13
  5054 | D:4      | Noticed a wyvern
  5386 | D:4      | Killed a wyvern
  5387 | D:4      | Reached skill level 8 in Ice Magic
  5859 | D:4      | Killed from afar by an orc priest

Illustrated notes

Levels and vault maps discovered:
D:1:      wander_arrival_fairy_ring, layout_basic, minmay_door_square
D:2:      layout_loops_ring, shapermc_ecumenical_altar_flowoftime
D:3:      layout_loops_ring, mainiacjoe_overflow_tiny_flanked, serial_shops,
          nicolae_shop_trees, uniq_sigmund, uniq_crazy_yiuf_cottage
D:4:      layout_basic, portal_sewer_entry_f

Skill      XL: |  1  2  3  4  5  6  7 |
---------------+----------------------+-----
Stealth        | 3 |  3.0
Spellcasting   | 3 4 |  4.0
Ice Magic      | 5 7 8 |  8.6
Dodging        | |  2.0

Action                   |  1- 3 |  4- 6 |  7- 9 || total
-------------------------+-------+-------+-------++-------
Melee: Constrict         |     1 |       |     1 ||     2
       Unarmed           |     1 |       |       ||     1
       Sling             |       |       |     2 ||     2
 Fire: Sling             |    93 |    90 |    58 ||   241
 Cast: Freeze            |    26 |    12 |    11 ||    49
       Frozen Ramparts   |       |    10 |     9 ||    19
       Ozocubu's Armour  |       |     5 |     3 ||     8
  Use: Scroll            |       |       |     1 ||     1
       Potion            |       |       |     1 ||     1
Armor: Skin              |     4 |     2 |       ||     6
Dodge: Dodged            |    29 |    18 |     9 ||    56

Table legend: (Time is in decaauts)
 A = Elapsed time spent in this place.
 B = Non-inter-level travel time spent in this place.
 C = Inter-level travel time spent in this place.
 D = Time resting spent in this place.
 E = Time spent auto-exploring this place.
 F = Levels seen in this place.
 G = Mean time per level.
                   A        B        C        D        E       F      G
               +--------+--------+--------+--------+--------+-----+--------+
         Total |   5954 |   5518 |    436 |   1507 |   3296 |   5 | 1190.8 |
       Dungeon |   4704 |   4268 |    436 |    875 |   2889 |   4 | 1176.0 |
         Sewer |   1249 |   1249 |      0 |    632 |    407 |   1 | 1249.0 |
               +--------+--------+--------+--------+--------+-----+--------+

Top non-repeatable levels by time:
     D:1: 1328 daAuts
     D:4: 1314 daAuts
   Sewer: 1249 daAuts
     D:3: 1088 daAuts
     D:2: 972 daAuts
